 Dungeon Crawl Stone Soup version 0.27-a0-1202-ge72e49191c (webtiles) character file.

Game seed: 1543601702296374809

889 Delamore the Spear-Bearer (level 8, -7/55 HPs)
             Began as a Formicid Fighter on June 4, 2021.
             Was a Believer of Hepliaklqana.
             Mangled by a komodo dragon (13 damage)
             ... on level 6 of the Dungeon.
             The game lasted 00:05:16 (4253 turns).

Delamore the Spear-Bearer (Formicid Fighter)        Turns: 4253, Time: 00:05:17

Health: -7/55      AC: 13    Str: 22    XL:     8   Next: 27%
Magic:  8/8        EV:  4    Int:  9    God:    Hepliaklqana [**....]
Gold:   138        SH: 10    Dex: 10    Spells: 7/7 levels left

rFire    . . .     SeeInvis +   a - +1 trident
rCold    . . .     Faith    .   c - +1 kite shield
rNeg     . . .     Spirit   .   i - +0 plate armour
rPois    .         Reflect  .   (helmet unavailable)
rElec    .         Harm     .   (no cloak)
rCorr    .         Rampage  .   q - +1 pair of gloves
Will     .....                  (no boots)
Stlth    ..........             (no amulet)
HPRegen  0.18/turn              (no ring)
MPRegen  0.11/turn              (no ring)

@: no status effects
A: reduced essence, permanent stasis, dig shafts and tunnels, antennae 3, four
strong arms
a: Dig, Shaft Self, Renounce Religion, Recall Ancestor, Ancestor Identity


You were on level 6 of the Dungeon.
You worshipped Hepliaklqana.
Hepliaklqana was pleased with you.
You visited 1 branch of the dungeon, and saw 6 of its levels.

You collected 275 gold pieces.
You spent 137 gold pieces at shops.

Inventory:

Hand Weapons
 a - a +1 trident (weapon)
Missiles
 r - 5 atropa-tipped darts
Armour
 b - a +0 scale mail
 c - a +1 kite shield (worn)
 i - a +0 plate armour (worn)
 q - a +1 pair of gloves (worn)
Wands
 l - a wand of digging (4)
 n - a wand of iceblast (6)
Scrolls
 j - 2 scrolls of magic mapping
 k - 3 scrolls of amnesia
 o - a scroll of summoning
 p - a scroll of immolation {unknown}
 t - a scroll of blinking {unknown}
Potions
 d - 3 potions of might
 e - a potion of invisibility
 f - a potion of curing
 g - 2 potions of heal wounds
 h - 3 potions of attraction
 m - a potion of flight
 s - a potion of lignification {unknown}
 u - a potion of brilliance {unknown}
 v - a potion of berserk rage {unknown}


   Skills:
 - Level 5.0 Fighting
 * Level 8.4 Polearms
 - Level 3.2 Armour
 - Level 3.6 Shields


You had 7 spell levels left.
You didn't know any spells.
Your spell library contained the following spells:

 Spells                   Type           Power      Damage    Failure   Level
 Sandblast                Erth           0%         2d4       100%        1
 Passwall                 Tmut/Erth      0%         N/A       100%        2
 Stone Arrow              Conj/Erth      0%         3d7       100%        3
 Petrify                  Tmut/Erth      0%         N/A       100%        4
 Lee's Rapid Deconstruct  Erth           0%         3d5*      100%        5


Dungeon Overview and Level Annotations

Branches:
Dungeon (6/15)
 Temple: D:4-7

Altars:
Elyvilon
Hepliaklqana

Shops:
D:6 ?**

Annotations:
D:6 2 runed translucent doors


Innate Abilities, Weirdness & Mutations

Your life essence is reduced to manifest your ancestor. (-10% HP)
You cannot be hasted, slowed, berserked, paralysed or teleported.
You can dig through walls and to a lower floor.
You have a pair of large antennae on your head. (SInv)
Your four strong arms can wield two-handed weapons with a shield.


Message History

You are too injured to fight recklessly!
You are too injured to fight recklessly!
You are too injured to fight recklessly!
You are too injured to fight recklessly!
You are too injured to fight recklessly!
You are too injured to fight recklessly!
The komodo dragon bites Crab!!
Crab is destroyed!
Reach: a) +1 trident
Press: ? - help, Dir - move target, f/p - komodo dragon
Aim: a komodo dragon (severely wounded, unaware, hasn't noticed you, about 31% to evade your +1 trident)
You reach to attack!
You catch the helpless komodo dragon completely off-guard!
You hit the komodo dragon.
The komodo dragon is almost dead.
Reach: a) +1 trident
Press: ? - help, Dir - move target, f/p - komodo dragon
Aim: a komodo dragon (almost dead, about 30% to evade your +1 trident)
You hit the komodo dragon.
The komodo dragon is almost dead.
You block the komodo dragon's attack.
Reach: a) +1 trident
Press: ? - help, Dir - move target, f/p - komodo dragon
Aim: a komodo dragon (almost dead, about 31% to evade your +1 trident)
You hit the komodo dragon but do no damage.
The komodo dragon is almost dead.
The komodo dragon bites you!
You hit the komodo dragon but do no damage.
The komodo dragon is almost dead.
The komodo dragon bites you!
* * * LOW HITPOINT WARNING * * *
The cyclops shouts!
Found a papyrus book.
Found a long smoking staff and a chain mail.
You extend your mandibles.
You dig through the rock wall.
You dig through the rock wall.
You dig through the rock wall.
You dig through the rock wall.
The komodo dragon bites you!
You die...

.# #..........
..####.##8|[8 .#
#.......... #.#
#.#8.... .#
#..........
##.####.+C.... .#
#..........
#.......+B.... .#
#.......#8.... .#
#.......##8}:8 .#
#........##### ...
### #.............
#...
#@###..........##.
.....
##l#...........# #
....
##.#..........#
....
############.. #.


You could see a komodo dragon.

Vanquished Creatures
  An ogre (D:4)
  A wyvern zombie (D:6)
  A water moccasin zombie (D:6)
  2 hounds
  3 jellies (D:2)
  A gnoll shaman (D:6)
  2 iguanas
  3 gnolls (D:6)
  2 adders
  An ufetubus (D:6)
  3 adder skeletons (D:4)
  2 dart slugs
  3 orcs
  6 bats
  14 endoplasms
  3 giant cockroaches
  4 goblins
  6 hobgoblins
  2 jackals (D:1)
  13 kobolds
  4 quokkas
  8 ball pythons
  4 frilled lizards (D:1)
  4 rats
93 creatures vanquished.

Vanquished Creatures (collateral kills)
  A water moccasin (D:6)
  2 centaur zombies
  A jelly (D:6)
  An iguana (D:4)
  A scorpion zombie (D:5)
  A killer bee zombie (D:6)
  2 gnolls (D:6)
  An adder (D:4)
  A dart slug (D:4)
  An orc (D:6)
  A bat (D:3)
  A ball python (D:4)
14 creatures vanquished.

Vanquished Creatures (others)
  2 battlemagi
  4 fungi (D:2)
  10 toadstools (D:2)
16 creatures vanquished.

Grand Total: 123 creatures vanquished

Notes
Turn   | Place    | Note
-------+----------+-------------------------------------------
     0 | D:1      | Delamore the Formicid Fighter began the quest for the Orb.
     0 | D:1      | Reached XP level 1. HP: 18/18 MP: 1/1
   116 | D:1      | Reached XP level 2. HP: 23/24 MP: 2/2
   223 | D:1      | Reached XP level 3. HP: 26/30 MP: 3/3
   310 | D:1      | Reached skill level 3 in Polearms
   926 | D:2      | Reached XP level 4. HP: 21/37 MP: 4/4
  1385 | D:2      | Reached skill level 4 in Polearms
  1388 | D:2      | Reached XP level 5. HP: 32/43 MP: 5/5
  1768 | D:2      | Found a faded altar of an unknown god.
  1771 | D:2      | Became a worshipper of Hepliaklqana the Forgotten
  1771 | D:2      | Reached * piety under Hepliaklqana
  1870 | D:3      | Found a white marble altar of Elyvilon.
  2757 | D:4      | Reached skill level 5 in Polearms
  2757 | D:4      | Reached XP level 6. HP: 38/45 MP: 6/6
  3013 | D:4      | Reached skill level 5 in Fighting
  3078 | D:4      | Reached ** piety under Hepliaklqana
  3091 | D:4      | Remembered your ancestor Crab as a battlemage
  3236 | D:4      | Noticed an ogre
  3250 | D:4      | Killed an ogre
  3251 | D:4      | Reached skill level 6 in Polearms
  3251 | D:4      | Reached XP level 7. HP: 50/50 MP: 7/7
  3369 | D:5      | Entered Level 5 of the Dungeon
  3380 | D:5      | Noticed a troll
  3505 | D:6      | Found Xyifonn's Magic Scroll Shoppe.
  3515 | D:6      | Bought a scroll of identify for 28 gold pieces
  3515 | D:6      | Bought a scroll of identify for 28 gold pieces
  3515 | D:6      | Bought a scroll of identify for 28 gold pieces
  3537 | D:6      | Reached skill level 7 in Polearms
  3900 | D:6      | Found Cusamaux's Assorted Antiques.
  3933 | D:6      | Found Bifoagom's Assorted Antiques.
  3948 | D:6      | Bought a coppery potion for 17 gold pieces
  3948 | D:6      | Bought a scroll labelled CEDAER ZUITAF for 19 gold pieces
  3948 | D:6      | Bought a silvery potion for 17 gold pieces
  3998 | D:6      | Reached XP level 8. HP: 27/55 MP: 8/8
  4207 | D:6      | Found a large runed translucent door.
  4207 | D:6      | Found a large runed translucent door.
  4215 | D:6      | Reached skill level 8 in Polearms
  4232 | D:6      | Noticed a komodo dragon
  4242 | D:6      | Noticed a cyclops
  4242 | D:6      | Noticed a boulder beetle
  4253 | D:6      | Mangled by a komodo dragon

Illustrated notes

Levels and vault maps discovered:
D:1:      dpeg_arrival_brainrot, layout_basic
D:2:      cheibrodos_fertilizer, layout_rooms,
          shapermc_ecumenical_altar_mp_vishouse
D:3:      layout_loops_corners, amcnicky_altar_gilded, serial_park_tiny_1
D:4:      layout_rooms, kennysheep_generic_room_7
D:5:      layout_gridville
D:6:      layout_basic, serial_shops, shop, nicolae_shop_trees,
          nicolae_shop_stone, shop_fountains, minmay_hollow_rounded_squares

Skill      XL: |  1  2  3  4  5  6  7  8 |
---------------+-------------------------+-----
Polearms       | 3 4 5 6 7 8 |  8.4
Fighting       | 4 5 |  5.0
Armour         | |  3.2
Shields        | |  3.6

Action                   |  1- 3 |  4- 6 |  7- 9 || total
-------------------------+-------+-------+-------++-------
Melee: Trident           |    91 |   133 |    88 ||   312
Invok: Ancestor Identity |       |     2 |       ||     2
       Ancestor Life: Ba |       |     1 |       ||     1
 Abil: Dig               |       |     1 |     2 ||     3
Evoke: Wand              |       |     2 |       ||     2
  Use: Scroll            |     6 |     4 |     3 ||    13
 Stab: Distracted        |       |       |     1 ||     1
Armor: Scale mail        |    43 |    22 |       ||    65
       Plate armour      |       |    33 |    37 ||    70
Dodge: Dodged            |    31 |    23 |    15 ||    69
Block: Kite shield       |    50 |    65 |    60 ||   175

Table legend: (Time is in decaauts)
 A = Elapsed time spent in this place.
 B = Non-inter-level travel time spent in this place.
 C = Inter-level travel time spent in this place.
 D = Time resting spent in this place.
 E = Time spent auto-exploring this place.
 F = Levels seen in this place.
 G = Mean time per level.
                   A        B        C        D        E       F      G
               +--------+--------+--------+--------+--------+-----+--------+
         Total |   4328 |   4191 |    137 |    554 |   2907 |   6 |  721.3 |
       Dungeon |   4328 |   4191 |    137 |    554 |   2907 |   6 |  721.3 |
               +--------+--------+--------+--------+--------+-----+--------+

Top non-repeatable levels by time:
     D:2: 1006 daAuts
     D:3: 864 daAuts
     D:1: 852 daAuts
     D:6: 825 daAuts
     D:4: 711 daAuts
     D:5: 69 daAuts
